 Dungeon Crawl Stone Soup version 0.31-a0-329-g52107efa6a (webtiles) character file.

Game seed: 17708070347017705892

385 AdnanSaban the Covered (level 6, -2/39 HPs)
             Began as a Gargoyle Fighter on July 19, 2023.
             Slain by Menkaure (17 damage)
             ... on level 4 of the Dungeon.
             The game lasted 00:04:25 (2915 turns).

AdnanSaban the Covered (Gargoyle Fighter)           Turns: 2915, Time: 00:04:26

Health: -2/39      AC: 16    Str: 21    XL:     6   Next: 77%
Magic:  6/6        EV:  9    Int:  9    God:
Gold:   184        SH:  4    Dex:  9    Spells: 5/5 levels left

rFire   . . .        a - +0 flail
rCold   . . .        c - +0 buckler
rNeg    + . .        b - +0 scale mail
rPois   ∞            (no helmet)
rElec   +            m - +0 cloak
rCorr   +            o - +2 pair of gloves
SInv    .            (no boots)
Will    .....        (no amulet) Stlth
                     k - ring of resist corrosion
HPRegen 0.26/turn    l - ring of flight
MPRegen 0.10/turn

%: no passive effects
@: flying
A: sickness immunity, AC +4, negative energy resistance 1, electricity
resistance, torment resistance 1, petrification resistance
a: no special abilities


You were on level 4 of the Dungeon.
You visited 1 branch of the dungeon, and saw 4 of its levels.
You also visited: Sewer.

You collected 184 gold pieces.

Inventory:

Hand Weapons
 a - a +0 flail (weapon)
Armour
 b - a +0 scale mail (worn)
 c - a +0 buckler (worn)
 m - a +0 cloak (worn)
 o - a +2 pair of gloves (worn)
Jewellery
 k - a ring of resist corrosion (left hand)
 l - a ring of flight (right hand)
 p - an amulet of the acrobat
 s - a ring of see invisible
Scrolls
 g - 2 scrolls of vulnerability {unknown}
 i - 2 scrolls of blinking {unknown}
 j - 3 scrolls of identify {unknown}
 q - a scroll of poison {unknown}
 r - 2 scrolls of amnesia {unknown}
Potions
 d - a potion of might
 e - a potion of heal wounds {unknown}
 f - a potion of curing {unknown}
 h - a potion of magic {unknown}
 n - a potion of haste {unknown}
 t - a potion of berserk rage
 u - a potion of degeneration {unknown}
 v - a potion of brilliance {unknown}


   Skills:
 + Level 4.5 Fighting
 + Level 4.5 Maces & Flails
 + Level 4.8 Armour
 + Level 4.5 Shields


You had 5 spell levels left.
You didn't know any spells.
Your spell library contained the following spells:

 Spells                   Type           Power      Damage    Failure   Level
 Necrotise                Necr           0%         1d4       78%         1
 Shock                    Conj/Air       0%         1d3       78%         1
 Hailstorm                Conj/Ice       0%         3d3       98%         3
 Swiftness                Air            0%         N/A       98%         3
 Vampiric Draining        Necr           0%         2d6       98%         3
 Airstrike                Air            0%         2d(0-16)  100%        4


Dungeon Overview and Level Annotations

Branches:
Dungeon (4/15)              Sewer (visited)
 Temple: D:4-7

Altars:
Kikubaaqudgha
Ru
Xom

Annotations:
D:4 Menkaure


Innate Abilities, Weirdness & Mutations

You are immune to sickness and miasma.
Your stone body is resilient. (AC +4)
You are immune to poison.
You resist negative energy. (rN+)
You are resistant to electric shocks. (rElec)
You are resistant to unholy torment.
You are immune to petrification.


Message History

You fly upwards.
There is a stone staircase leading down here.
You start resting.
HP restored.
You fly downwards.
Level annotation: Menkaure The orc completely misses you.
There is a stone staircase leading up here.
The orc hits you but does no damage.
You fly upwards.
There is a stone staircase leading down here.
You barely miss the orc. The orc hits you but does no damage.
You sock the orc!
You kill the orc!
No target in view!
You fly downwards.
Level annotation: Menkaure Menkaure calls on the powers of darkness!
Your body is wracked with pain!
Menkaure casts a spell.
Menkaure seems to speed up.
There is a stone staircase leading up here.
You hit Menkaure.
Menkaure is lightly damaged.
Menkaure closely misses you.
You hit Menkaure.
Menkaure is moderately damaged.
Menkaure hits you! Menkaure hits you.
You are too injured to fight recklessly!
You are too injured to fight recklessly!
You are too injured to fight recklessly!
You are too injured to fight recklessly!
You sock Menkaure!
Menkaure is severely damaged.
Menkaure closely misses you.
You hit Menkaure.
Menkaure is almost destroyed.
Menkaure rustles, "Let me perform the rites..."
You block Menkaure's attack. Menkaure hits you!
You die...

o##.###.#
..$..#.#
#.#...#
#####.....#
........#
###.#.#.###
# #o..#
###.# #@M.#
#####


You could see Menkaure (fast).

Vanquished Creatures
  Pargi (Sewer)
  A scorpion (D:3)
  An orc priest (D:3)
  2 orc wizards (D:3)
  6 adders
  3 worms
  3 dart slugs
  11 orcs (D:3)
  3 ball pythons
  13 bats
  5 endoplasms
  2 giant cockroaches
  14 goblins
  6 hobgoblins
  A quokka (D:2)
  3 frilled lizards
  5 kobolds
  3 rats
83 creatures vanquished.

Notes
Turn   | Place    | Note
-------+----------+-------------------------------------------
     0 | D:1      | AdnanSaban the Gargoyle Fighter began the quest for the
                  | Orb.
     0 | D:1      | Reached XP level 1. HP: 14/14 MP: 1/1
    63 | D:1      | Reached XP level 2. HP: 10/19 MP: 2/2
   418 | D:1      | Reached XP level 3. HP: 19/23 MP: 3/3
   887 | D:2      | Reached XP level 4. HP: 29/29 MP: 4/4
   902 | D:2      | Got the Lectures on the Kinetic Autopsy
   936 | D:2      | Found a faded altar of an unknown god.
  1263 | D:2      | Identified the +3 whip of the Impish God {spect, rPois rC-
                  | MP+9 Dex-5}
  1427 | D:3      | Noticed a scorpion
  1449 | D:3      | Reached XP level 5. HP: 22/33 MP: 5/5
  1603 | D:3      | Found an ancient bone altar of Kikubaaqudgha.
  1742 | D:3      | Found a glowing drain.
  1757 | D:3      | Reached XP level 6. HP: 37/38 MP: 6/6
  1762 | Sewer    | Entered a sewer
  1807 | Sewer    | Noticed Pargi
  1843 | Sewer    | Killed Pargi
  2075 | D:3      | Found a sacrificial altar of Ru.
  2493 | D:3      | Found a shimmering altar of Xom.
  2794 | D:4      | Noticed Menkaure
  2915 | D:4      | Slain by Menkaure

Illustrated notes

Levels and vault maps discovered:
D:1:      sevenhm_arrival_forest_fort_small_1, layout_loops_cross, st_stairs_14,
          hex_tiny, minivault_24, minmay_misc_feat_chi
D:2:      layout_basic, hellmonk_ecumenical_altar_arch_garden,
          nrook_loot_triangle, nicolae_concentric_dashed_squares_mild
D:3:      layout_loops_corners, nicolae_overflow_hidden_temple,
          nicolae_ru_great_annihilating_truth, marbit_many_paths,
          gup_sewer_entry_glass
D:4:      layout_basic, lemuel_doored_altar, mainiacjoe_overflow_boulevard,
          minmay_temple_entry_sparse_star, uniq_blork_the_orc, uniq_edmund,
          uniq_menkaure, uniq_ijyb, uniq_eustachio, uniq_natasha

Skill      XL: |  1  2  3  4  5 |
---------------+----------------+-----
Maces & Flails | 3 4 |  4.5
Armour         | 4 |  4.8
Fighting       | 4 |  4.5
Shields        | 4 |  4.5

Action                     |  1- 3 |  4- 6 || total
---------------------------+-------+-------++-------
  Melee: Flail             |   104 |   252 ||   356
   Stab: Invisible         |       |     1 ||     1
         Paralysed         |       |     1 ||     1
 Armour: Scale mail        |    71 |   246 ||   317
  Dodge: Dodged            |    51 |   161 ||   212
  Block: Buckler           |    30 |    81 ||   111

Table legend: (Time is in decaauts)
 A = Elapsed time spent in this place.
 B = Non-inter-level travel time spent in this place.
 C = Inter-level travel time spent in this place.
 D = Time resting spent in this place.
 E = Time spent auto-exploring this place.
 F = Levels seen in this place.
 G = Mean time per level.
                   A        B        C        D        E       F      G
               +--------+--------+--------+--------+--------+-----+--------+
         Total |   3012 |   2898 |    114 |    184 |   1952 |   5 |  602.4 |
       Dungeon |   2789 |   2675 |    114 |    184 |   1838 |   4 |  697.2 |
         Sewer |    223 |    223 |      0 |      0 |    114 |   1 |  223.0 |
               +--------+--------+--------+--------+--------+-----+--------+

Top non-repeatable levels by time:
     D:3: 1218 daAuts
     D:2: 861 daAuts
     D:1: 675 daAuts
   Sewer: 223 daAuts
     D:4: 33 daAuts
